 Dungeon Crawl Stone Soup version 0.18.1-47-g9310371 (webtiles) character file.

13842 vonhedlund the Warrior (level 11, -5/112 HPs)
             Began as a Minotaur Gladiator on June 16, 2016.
             Was a High Priest of Okawaru.
             Slain by a black mamba (14 damage)
             ... on level 2 of the Lair of Beasts on June 20, 2016.
             The game lasted 01:25:31 (13905 turns).

vonhedlund the Warrior (Minotaur Gladiator)        Turns: 13905, Time: 01:25:33

Health: -5/112     AC: 14    Str: 24    XL:     11   Next: 80%
Magic:  10/10      EV: 12    Int:  5    God:    Okawaru [*****.]
Gold:   724        SH:  0    Dex: 10    Spells: 0 memorised, 10 levels left

rFire  . . .     SeeInvis .     a - +2 war axe
rCold  . . .     Gourm    .     E - +0 chain mail "Isiwkextio" {Slay+5} (curse)
rNeg   . . .     Faith    .     (no shield)
rPois  .         Spirit   .     c - +0 hat
rElec  .         Dismiss  .     A - +0 cloak
rCorr  .         Reflect  .     (no gloves)
SustAt .         Harm     .     y - +0 pair of boots
MR     .....                    (no amulet)
Stlth  ..........               (no ring)
                                (no ring)

@: lethally poisoned (-5 -> -44), not resistant to hostile enchantments,
extremely unstealthy
A: retaliatory headbutt, horns 2
a: Heroism, Finesse, Renounce Religion


You were on level 2 of the Lair of Beasts.
You worshipped Okawaru.
Okawaru was extremely pleased with you.
You were not hungry.

You visited 4 branches of the dungeon, and saw 16 of its levels.

You collected 724 gold pieces.

Inventory:

Hand Weapons
 a - a +2 war axe (weapon)
 b - a +1 shortbow of evasion
 x - a +2 spear of flaming
 M - the +0 flail of Ikluqev {speed, rN+}
   (You found it on level 7 of the Dungeon)

   Attacks with this weapon are significantly faster.
   It protects you from negative energy.
Missiles
 d - 4 throwing nets (quivered)
 e - 39 poisoned needles
 m - 234 arrows
 U - 8 tomahawks
Armour
 c - a +0 hat (worn)
 y - a +0 pair of boots (worn)
 A - a +0 cloak (worn)
 E - the cursed +0 chain mail "Isiwkextio" (worn) {Slay+5}
   (You found it on level 1 of the Lair of Beasts)

   It affects your accuracy and damage with ranged weapons and melee attacks
   (+5).
   It has a curse placed upon it.
 I - a +2 robe of positive energy
 O - a +1 ring mail of magic resistance
 P - the +2 leather armour of Joytz {MR+ Stlth+}
   (You found it on level 8 of the Dungeon)

   It affects your resistance to hostile enchantments.
   It makes you more stealthy.
Jewellery
 B - an uncursed ring of magical power {unknown}
 S - an uncursed ring of sustain attributes {unknown}
 W - a +2 ring of strength {unknown}
 X - an uncursed ring of ice {unknown}
Wands
 z - a wand of slowing (32/48)
 H - a wand of flame (13/48)
 Y - a wand of enslavement (11/24)
Scrolls
 h - 3 scrolls of recharging
 i - 5 scrolls of enchant weapon
 n - 2 scrolls of enchant armour {unknown}
 p - 4 scrolls of blinking {unknown}
 q - a scroll of magic mapping {unknown}
 r - 3 scrolls of remove curse
 s - 2 scrolls of immolation {unknown}
 F - 2 scrolls of fog {unknown}
 J - 5 scrolls of teleportation
 K - 2 scrolls of fear {unknown}
 L - a scroll of random uselessness {unknown}
 V - 4 scrolls of identify
Potions
 g - a potion of brilliance {unknown}
 j - a potion of degeneration {unknown}
 k - 4 potions of flight {unknown}
 l - 2 potions of lignification {unknown}
 o - 4 potions of agility {unknown}
 t - 6 potions of curing
 u - 5 potions of heal wounds
 w - a potion of resistance {unknown}
 D - a potion of mutation {unknown}
 G - a potion of invisibility {unknown}
 R - a potion of berserk rage {unknown}
 T - a potion of magic {unknown}
Comestibles
 f - 7 bread rations
 v - 9 meat rations
 C - 3 chunks of flesh
 N - 36 fruits


   Skills:
 - Level 15.0 Fighting
 - Level 10.1 Axes
 - Level 2.0 Throwing
 - Level 10.0 Armour
 + Level 9.6 Dodging


You had 10 spell levels left.
You didn't know any spells.

Dungeon Overview and Level Annotations

Branches:
Dungeon (11/15)            Temple (1/1) D:5            Lair (3/8) D:10
  Snake (0/4) Lair:3          Orc (1/2) D:9
  Swamp: Lair:3-6    Shoals: Lair:3-6

Altars:
Ashenzari
Cheibriados
Dithmenos
Elyvilon
Fedhas
Gozag
Kikubaaqudgha
Makhleb
Nemelex Xobeh
Okawaru
Pakellas
Qazlal
Ru
Sif Muna
Trog
Vehumet
Xom
Yredelemnul
Zin
The Shining One

Shops:
D:7 !   D:10 [

Annotations:
D:5 dvd's ghost, novice FoAK
D:6 Pikel
D:11 Gastronok


Innate Abilities, Weirdness & Mutations

You reflexively headbutt those who attack you in melee.
You have a pair of horns on your head.


Message History

You are lethally poisoned!
The black mamba poisons you! The black mamba bites you!
* * * LOW HITPOINT WARNING * * *
You are more poisoned.
The black mamba poisons you! The black mamba closely misses you.
You furiously retaliate!
You headbutt the black mamba, but do no damage.
You miss the black mamba.
The black mamba is severely wounded.
You hit the black mamba.
The black mamba is severely wounded.
* * * LOW HITPOINT WARNING * * *
You feel very sick. The black mamba closely misses you.
You furiously retaliate!
You headbutt the black mamba!
You kill the black mamba!
Okawaru accepts your kill. The black mamba misses you. You furiously retaliate!
You headbutt the black mamba. The black mamba bites you!
You die...

#####.......# #
#.#..)...P#.# #
##........### ##
#.....###.# .## ###.....#
### ..## ###.......#
...## #........##
....#### ##S......##
.......# ######@......P#
......#####.##.........##
.....................###
#...................##
#..........#.......##
###...............##
#.................#
###...............#
#..(.............#


You could see a black mamba.

Vanquished Creatures
  3 hill giants (D:10)
  An ugly thing (D:10)
  2 black mambas
  2 komodo dragons
  A rime drake (Lair:2)
  4 blink frogs (Lair:1)
  Sigmund (D:4)
  19 yaks
  A basilisk (Lair:2)
  5 water moccasins
  2 slaves (D:6)
  Duvessa (D:4)
  A sky beast (D:7)
  2 black bears (D:6)
  10 ice beasts
  4 ogres
  A phantom (D:8)
  2 necrophages
  3 centaurs (D:10)
  4 crocodiles
  Blork the orc (D:4)
  2 big kobolds (D:8)
  9 giant frogs
  2 gnoll sergeants
  Dowan (D:4)
  2 scorpions
  14 killer bees
  15 wights
  6 crimson imps
  A giant frog zombie (D:7)
  A quasit (D:10)
  A centaur zombie (D:10)
  3 hounds
  6 orc priests
  2 centaur skeletons
  4 iguanas
  5 orc wizards
  A giant frog skeleton (D:10)
  Terence (D:3)
  2 worker ants
  2 sheep
  A killer bee zombie (D:9)
  A hound skeleton (D:6)
  15 gnolls
  A howler monkey skeleton (D:6)
  12 river rats (Lair:1)
  11 adders
  An ooze (D:1)
  An adder skeleton (D:7)
  2 worms (D:3)
  2 dart slugs
  5 giant geckos
  11 orcs
  7 giant cockroaches
  9 goblins
  9 hobgoblins
  8 jackals
  A quokka (D:7)
  3 ball pythons
  9 bats
  A giant gecko zombie (D:9)
  9 giant newts
  3 kobolds
  6 rats
  2 fungi (Lair:2)
280 creatures vanquished.

Vanquished Creatures (others)
  A fungus (Lair:1)
  A plant (Lair:1)
2 creatures vanquished.

Grand Total: 282 creatures vanquished

Notes
Turn   | Place    | Note
--------------------------------------------------------------
     0 | D:1      | vonhedlund the Minotaur Gladiator began the quest for the Orb.
     0 | D:1      | Reached XP level 1. HP: 18/18 MP: 0/0
   103 | D:1      | Reached skill level 1 in Armour
   125 | D:1      | Reached XP level 2. HP: 23/25 MP: 1/1
   129 | D:1      | Reached skill level 3 in Fighting
   266 | D:1      | Reached XP level 3. HP: 29/31 MP: 2/2
   768 | D:2      | Reached skill level 4 in Fighting
  1042 | D:2      | Reached XP level 4. HP: 30/41 MP: 3/3
  1385 | D:2      | Reached skill level 5 in Fighting
  1633 | D:3      | Noticed Terence
  1644 | D:3      | Killed Terence
  1644 | D:3      | Reached XP level 5. HP: 45/50 MP: 4/4
  1698 | D:3      | Reached skill level 6 in Fighting
  1719 | D:3      | Found an opulent altar of Gozag.
  1848 | D:3      | You fall through a shaft for 3 floors!
  1856 | D:6      | Reached skill level 7 in Fighting
  1856 | D:6      | Reached XP level 6. HP: 32/60 MP: 5/5
  2226 | D:5      | Entered Level 5 of the Dungeon
  2382 | D:4      | Noticed Sigmund
  2406 | D:5      | Found a shadowy altar of Dithmenos.
  2506 | D:5      | Noticed dvd's ghost (novice FoAK)
  2553 | D:4      | Reached skill level 8 in Fighting
  3012 | D:4      | Noticed Duvessa
  3151 | D:4      | Noticed Blork the orc
  3159 | D:4      | Killed Blork the orc
  3159 | D:4      | Reached XP level 7. HP: 16/69 MP: 6/6
  3495 | D:5      | Reached skill level 9 in Fighting
  3927 | D:6      | Reached skill level 10 in Fighting
  4176 | D:6      | Reached skill level 5 in Armour
  4176 | D:6      | Reached XP level 8. HP: 56/79 MP: 7/7
  4430 | D:6      | Noticed Pikel
  5117 | D:7      | Found an oddly glowing altar of Pakellas.
  5118 | D:7      | Found Boghin's Distillery.
  5127 | D:7      | Got a crystal flail
  5146 | D:7      | Identified the cursed +0 flail of Ikluqev {speed, rN+} (You found it on level 7 of the Dungeon)
  5575 | D:7      | Reached skill level 10 in Armour
  5575 | D:7      | Reached XP level 9. HP: 83/85 MP: 8/8
  5768 | D:7      | Reached skill level 5 in Axes
  6022 | D:7      | Found a glowing golden altar of the Shining One.
  6532 | D:8      | Got a steaming leather armour
  6565 | D:8      | Identified the +2 leather armour of Joytz {MR+ Stlth+} (You found it on level 8 of the Dungeon)
  6797 | D:8      | Found a basalt altar of Yredelemnul.
  7035 | D:8      | Noticed a two-headed hydra
  7414 | D:9      | Reached skill level 10 in Axes
  7560 | D:9      | Noticed a five-headed hydra
  7585 | D:10     | Entered Level 10 of the Dungeon
  7585 | D:10     | Found a staircase to the Lair.
  7728 | D:10     | Noticed a hill giant
  7812 | D:9      | Reached XP level 10. HP: 53/94 MP: 9/9
  7836 | D:9      | Found a staircase to the Orcish Mines.
  7957 | D:8      | Found a deep blue altar of Sif Muna.
  8117 | D:5      | Found a staircase to the Ecumenical Temple.
  8135 | Temple   | Entered the Ecumenical Temple
  8340 | D:5      | Found a sparkling altar of Nemelex Xobeh.
  8341 | D:5      | Found an opulent altar of Gozag.
  8491 | D:4      | Noticed Dowan
  8503 | D:4      | Killed Duvessa
  8511 | D:4      | Killed Dowan
  8740 | D:4      | Killed Sigmund
  8740 | D:4      | Reached skill level 11 in Fighting
  9289 | D:6      | Found an iron altar of Okawaru.
  9294 | D:6      | Became a worshipper of Warmaster Okawaru
  9724 | D:9      | Found a white marble altar of Elyvilon.
  9810 | D:10     | Killed a hill giant
  9937 | D:10     | Reached * piety under Okawaru
  9937 | D:10     | Reached skill level 12 in Fighting
 10298 | D:10     | Noticed a hill giant
 10335 | D:10     | Killed a hill giant
 10335 | D:10     | Reached ** piety under Okawaru
 10335 | D:10     | Reached skill level 13 in Fighting
 10424 | D:10     | Noticed a hill giant
 10436 | D:10     | Killed a hill giant
 10443 | D:10     | Found Hahal's Armour Boutique.
 10772 | Lair:1   | Entered Level 1 of the Lair of Beasts
 10885 | Lair:1   | Found a dark tunnel.
 10945 | D:10     | Reached skill level 14 in Fighting
 10965 | D:11     | Noticed Gastronok
 11012 | D:10     | Reached *** piety under Okawaru
 11012 | D:10     | Reached XP level 11. HP: 28/111 MP: 10/10
 11470 | D:11     | Noticed a red ugly thing
 11477 | D:11     | Noticed a hill giant
 11495 | D:10     | Killed a red ugly thing
 11537 | D:10     | Reached skill level 15 in Fighting
 11591 | Orc:1    | Entered Level 1 of the Orcish Mines
 12678 | Lair:1   | Reached skill level 5 in Dodging
 12684 | Lair:1   | Reached **** piety under Okawaru
 12719 | Lair:1   | Got a distressingly furry chain mail
 12720 | Lair:1   | Identified the cursed +0 chain mail "Isiwkextio" {Slay+5} (You found it on level 1 of the Lair of Beasts)
 13070 | Lair:2   | Found a frozen archway.
 13840 | Lair:3   | Reached ***** piety under Okawaru
 13886 | Lair:3   | Found a staircase to the Snake Pit.
 13905 | Lair:2   | Slain by a black mamba

Skill      XL: |  1  2  3  4  5  6  7  8  9 10 11 |
---------------+----------------------------------+-----
Armour         | 1 2 5 10 | 10.0
Fighting       | 3 4 5 7 8 10 14 15 | 15.0
Axes           | 10 | 10.1
Dodging        | 9 |  9.6
Throwing       | |  2.0

Action                   |  1- 3 |  4- 6 |  7- 9 | 10-12 || total
-------------------------+-------+-------+-------+-------++-------
Melee: War axe           |    56 |    82 |   284 |   331 ||   753
       Headbutt          |     6 |    21 |    60 |    65 ||   152
       Morningstar       |       |     6 |       |       ||     6
       Spear             |       |       |     4 |     6 ||    10
       Flail             |       |       |    73 |    29 ||   102
 Fire: Shortbow          |       |       |       |     8 ||     8
Throw: Throwing net      |       |       |     3 |     1 ||     4
  Use: Scroll            |     4 |     2 |     3 |     6 ||    15
       Potion            |       |       |     3 |     2 ||     5
 Stab: Sleeping          |       |     1 |       |       ||     1
  Eat: Chunk             |       |     7 |    10 |    11 ||    28
       Pizza             |       |       |     1 |     7 ||     8
       Royal jelly       |       |       |     1 |       ||     1
       Beef jerky        |       |       |     1 |       ||     1
Armor: Leather armour    |    22 |    16 |       |       ||    38
       Robe              |       |     4 |    18 |       ||    22
       Chain mail        |       |       |   203 |   210 ||   413
       Ring mail         |       |       |     4 |       ||     4
Dodge: Dodged            |    44 |    38 |   183 |   166 ||   431
